 Dungeon Crawl Stone Soup version 0.21.1-1-g345015fe64 (webtiles) character file.

99592 Kejsarherre the Destroyer (level 15, -6/115 HPs)
             Began as a Mummy Conjurer on May 12, 2018.
             Was a High Priest of Vehumet.
             Killed from afar by an ogre mage (23 damage)
             ... with a bolt of lightning
             ... on level 2 of the Orcish Mines.
             The game lasted 02:11:57 (35713 turns).

Kejsarherre the Destroyer (Mummy Conjurer)         Turns: 35713, Time: 02:11:58

Health: -6/115     AC:  7    Str: 11    XL:     15   Next: 78%
Magic:  13/45      EV: 18    Int: 25    God:    Vehumet [*****.]
Gold:   1094       SH:  5    Dex: 15    Spells: 7/36 levels left

rFire    . . .     SeeInvis .   k - staff of power
rCold    + + .     Gourm    .   A - +0 buckler
rNeg     + + +     Faith    .   I - +0 robe {rC+}
rPois    ∞         Spirit   .   a - +1 hat {Int+3}
rElec    .         Reflect  .   w - +0 cloak
rCorr    .         Harm     .   u - +1 pair of gloves
MR       +....                  (no boots)
Stlth    ++........             (no amulet)
HPRegen  0.29/turn              d - ring of Intercession {rPois EV+3 Int+3}
MPRegen  0.29/turn              L - ring of protection from fire

@: no status effects
A: no food or potions, fire vulnerability, cold resistance 1, negative energy
resistance 3, torment resistance, unbreathing, in touch with death 1
a: Renounce Religion


You were on level 2 of the Orcish Mines.
You worshipped Vehumet.
Vehumet was extremely pleased with you.
You were not hungry.

You visited 4 branches of the dungeon, and saw 23 of its levels.
You also visited: Volcano.

You collected 1894 gold pieces.
You spent 800 gold pieces at shops.

Inventory:

Armour
 a - a +1 hat of intelligence (worn)
 u - a +1 pair of gloves (worn)
 w - a +0 cloak (worn)
 A - a +0 buckler (worn)
 I - a +0 robe of cold resistance (worn)
 N - a +2 shield of reflection
 O - the +5 scale mail "Etownut" {*Drain rF+ rC+ Str+4}
   (You found it on level 6 of the Lair of Beasts)

   It affects your strength (+4).
   It protects you from fire.
   It protects you from cold.
   It causes draining when unequipped.
Magical Staves
 k - an uncursed staff of power (weapon)
 n - an uncursed staff of earth
 M - an uncursed staff of fire {unknown}
Jewellery
 d - the ring of Intercession (left hand) {rPois EV+3 Int+3}
   (You bought it in a shop on level 2 of the Orcish Mines)

   [ring of evasion]

   It affects your evasion (+3).
   It affects your intelligence (+3).
   It protects you from poison.
 L - a ring of protection from fire (right hand)
Wands
 c - a wand of flame (102)
 i - a wand of disintegration (19)
 q - a wand of polymorph (27)
 s - a wand of random effects (31)
 v - a wand of digging (16)
 F - a wand of paralysis (6)
 H - a wand of scattershot (5)
 K - a wand of acid (7)
Scrolls
 e - 10 scrolls of remove curse
 h - 3 scrolls of enchant weapon
 j - 3 scrolls of immolation
 l - 3 scrolls of fog
 m - a scroll of teleportation
 o - 2 scrolls of brand weapon
 t - 2 scrolls of identify
 x - 3 scrolls of magic mapping
 y - a scroll of enchant armour
 C - a scroll of vulnerability
 D - a scroll of fear
Books
 b - a book of Conjurations

   Spells                             Type                      Level
   a - Magic Dart                     Conjuration                  1
   b - Searing Ray                    Conjuration                  2
   c - Dazzling Spray                 Conjuration/Hexes            3
   d - Fulminant Prism                Conjuration/Hexes            4
   e - Force Lance                    Conjuration/Translocation    4
   f - Iskenderun's Mystic Blast      Conjuration                  4
 f - a book of Clouds

   Spells                             Type                      Level
   a - Poisonous Vapours              Poison/Air                   2
   b - Mephitic Cloud                 Conjuration/Poison/Air       3
   c - Conjure Flame                  Conjuration/Fire             3
   d - Freezing Cloud                 Conjuration/Ice/Air          6
   e - Ring of Flames                 Charms/Fire                  7
 g - a book of Battle

   Spells                             Type                      Level
   a - Infusion                       Charms                       1
   b - Shroud of Golubria             Charms/Translocation         2
   c - Song of Slaying                Charms                       2
   d - Spectral Weapon                Hexes/Charms                 3
   e - Regeneration                   Charms/Necromancy            3
 p - a book of Geomancy

   Spells                             Type                      Level
   a - Sandblast                      Earth                        1
   b - Passwall                       Transmutation/Earth          2
   c - Stone Arrow                    Conjuration/Earth            3
   d - Petrify                        Transmutation/Earth          4
   e - Lee's Rapid Deconstruction     Earth                        5
 r - a book of Minor Magic

   Spells                             Type                      Level
   a - Magic Dart                     Conjuration                  1
   b - Blink                          Translocation                2
   c - Call Imp                       Summoning                    2
   d - Slow                           Hexes                        2
   e - Conjure Flame                  Conjuration/Fire             3
   f - Mephitic Cloud                 Conjuration/Poison/Air       3
 B - a book of Enchantments

   Spells                             Type                      Level
   a - Cause Fear                     Hexes                        4
   b - Yara's Violent Unravelling     Hexes/Transmutation          5
   c - Silence                        Hexes/Air                    5
   d - Deflect Missiles               Charms/Air                   6
   e - Discord                        Hexes                        8
 G - a Young Poisoner's Handbook

   Spells                             Type                      Level
   a - Sting                          Conjuration/Poison           1
   b - Poisonous Vapours              Poison/Air                   2
   c - Mephitic Cloud                 Conjuration/Poison/Air       3
   d - Olgreb's Toxic Radiance        Poison                       4
   e - Venom Bolt                     Conjuration/Poison           5
 J - a book of Necromancy

   Spells                             Type                      Level
   a - Pain                           Necromancy                   1
   b - Animate Skeleton               Necromancy                   1
   c - Vampiric Draining              Necromancy                   3
   d - Regeneration                   Charms/Necromancy            3
   e - Animate Dead                   Necromancy                   4
   f - Borgnjor's Vile Clutch         Necromancy/Earth             5
Miscellaneous
 E - a lightning rod (4/4)


   Skills:
 * Level 9.9 Fighting
 - Level 7.0 Armour
 - Level 5.6 Dodging
 - Level 1.5 Stealth
 - Level 4.0 Shields
 + Level 11.1 Spellcasting
 + Level 13.9 Conjurations
 - Level 3.3 Translocations
 - Level 3.0 Transmutations
 - Level 3.0 Fire Magic
 - Level 7.9 Ice Magic
 - Level 6.6 Air Magic
 - Level 5.6 Earth Magic
 - Level 2.9 Poison Magic


You had 7 spell levels left.
You knew the following spells:

 Your Spells              Type           Power        Failure   Level  Hunger
a - Stone Arrow           Conj/Erth      ######       1%          3    N/A
c - Iskenderun's Mystic   Conj           ######..     1%          4    N/A
d - Blink                 Tloc           N/A          1%          2    N/A
e - Mephitic Cloud        Conj/Pois/Air  ######..     1%          3    N/A
f - Ignite Poison         Fire/Tmut/Pois ####....     1%          3    N/A
g - Magic Dart            Conj           ####         0%          1    N/A
h - Freezing Cloud        Conj/Ice/Air   ######....   3%          6    N/A
i - Orb of Destruction    Conj           ######....   3%          7    N/A

Dungeon Overview and Level Annotations

Branches:
Dungeon (14/15)            Temple (1/1) D:7            Lair (6/6) D:10
 Shoals (0/4) Lair:4       Spider (0/4) Lair:3        Slime (0/5) Lair:6
    Orc (2/2) D:11            Elf (0/3) Orc:2        Vaults (0/5) D:13

Altars:
Ashenzari
Cheibriados
Dithmenos
Elyvilon
Fedhas
Hepliaklqana
Kikubaaqudgha
Makhleb
Nemelex Xobeh
Qazlal
Trog
Uskayaw
Vehumet
Wu Jian
Zin

Shops:
D:6 *:=   D:7 (   D:10 :   Orc:1 [?   Orc:2 *

Annotations:
Lair:1 exclusion: 3 oklob plants
Lair:2 exclusion: oklob plant


Innate Abilities, Weirdness & Mutations

You do not eat or drink.
Your flesh is vulnerable to fire.
You are immune to poison.
Your flesh is cold resistant. (rC+)
You are immune to negative energy. (rN+++)
You are immune to unholy pain and torment.
You can survive without breathing.
You are in touch with the powers of death.


Message History

You feel your power returning.
You feel a bit more experienced.
Unknown command.
The ogre mage gestures at you while chanting.
You resist with almost no effort.
The ogre is engulfed in freezing vapours.
You kill the ogre!
Vehumet accepts your kill.
You feel your power returning.
The two-headed ogre is engulfed in freezing vapours.
The two-headed ogre is engulfed in freezing vapours.
The ogre mage points at you and mumbles some strange words.
You resist with almost no effort. The ogre mage misses you.
Casting: Freezing Cloud
Confirm with . or Enter, or press ? or * to list all spells.
You blink.
The two-headed ogre closely misses you.
The two-headed ogre hits you with a giant club!!
* * * LOW HITPOINT WARNING * * *
The ogre mage gestures at you while chanting.
The bolt of lightning hits you!
You die...

...O..O..##....##..............#.
...).O.##.##........<........##..
#....##.....#....................
....)............OO§............#
........#...OO..O..O..........#.#
............§§§OO.O..............
.#.........O§§§...............#.#
............).#OO.........#....##
.......##.......@.........#.....#
.............##..#.........#...##
..........#.##............###.##
#....#......###.........###.###
....###......##...#.#........#
#..## ####..##....##........##
#...## ##.##.#..###......###
##...# #......######......###
##.## ##.##.## ##.##.......##


You could see 6 two-headed ogres, an ogre mage and 5 ogres.

Vanquished Creatures
  Gastronok (Lair:1)
  Kirke (D:12)
  A dire elephant (Lair:4)
  A red draconian (Volcano)
  Erolcha (D:13)
  Josephine (D:14)
  2 ogre magi (Orc:2)
  A vault guard (D:13)
  9 hydras
  2 catoblepae (D:14)
  2 centaur warriors
  A tengu warrior (D:14)
  A death yak (Lair:4)
  A merfolk avatar (Lair:6)
  13 two-headed ogres
  A death knight (D:13)
  A salamander mystic (Volcano)
  3 skeletal warriors (D:12)
  2 sea snakes (Lair:6)
  A harpy (Lair:6)
  An orc knight (D:11)
  2 orc sorcerers (Orc:1)
  An ugly thing (D:11)
  3 salamanders (Volcano)
  3 cyclopes
  2 manticores
  30 elephants
  A gargoyle (D:12)
  2 torpor snails
  5 black mambas
  11 spiny frogs
  A kobold demonologist (D:11)
  8 komodo dragons
  4 rime drakes
  An efreet (D:14)
  A freezing wraith (D:12)
  A harpy zombie (D:14)
  A tengu conjurer (D:14)
  5 polar bears
  2 jumping spiders
  2 hornets (Lair:6)
  A wind drake (Lair:6)
  11 dream sheep
  7 slime creatures
  2 trolls
  11 hippogriffs
  Prince Ribbit (D:8)
  12 blink frogs
  A raiju (shapeshifter) (D:9)
  6 wraiths
  15 wyverns
  A vampire (D:14)
  A shadow (D:14)
  5 redbacks (Lair:3)
  74 yaks
  8 fire bats (Volcano)
  A spriggan (Lair:4)
  2 hogs (D:12)
  3 basilisks
  A steam dragon (D:9)
  A hungry ghost (D:14)
  5 wargs
  10 porcupines
  21 water moccasins
  7 orc warriors
  2 ice beasts
  3 phantoms
  3 sky beasts
  An eye of draining (D:10)
  14 ogres
  15 centaurs
  20 wolves
  2 big kobolds
  14 crocodiles
  21 bullfrogs
  3 scorpions
  4 wights (D:9)
  2 howler monkeys
  An electric eel (D:8)
  4 crimson imps
  5 centaur zombies
  6 lava snakes (Volcano)
  2 bullfrog zombies
  A quasit (D:9)
  9 jellies
  12 orc wizards
  A gnoll shaman (D:5)
  10 orc priests
  9 hounds
  3 bullfrog skeletons
  4 centaur skeletons
  12 worker ants
  6 iguanas
  5 hell rats (Lair:6)
  8 adders
  12 gnolls
  2 shadow imps (D:9)
  9 oozes (Lair:2)
  An adder skeleton (D:9)
  3 worms
  A dart slug (D:5)
  6 leopard geckos
  58 orcs
  2 ball pythons
  5 giant cockroaches
  2 goblins
  8 hobgoblins
  6 jackals
  11 kobolds
  4 quokkas
  A bat (D:2)
  6 frilled lizards
  A rat (D:2)
  3 fungi
  3 plants (Lair:6)
686 creatures vanquished.

Vanquished Creatures (others)
  A redback (Lair:3)
  A human (D:12)
  93 fungi
  82 plants
177 creatures vanquished.

Grand Total: 863 creatures vanquished

Notes
Turn   | Place    | Note
-------+----------+-------------------------------------------
     0 | D:1      | Kejsarherre the Mummy Conjurer began the quest for the Orb.
     0 | D:1      | Reached XP level 1. HP: 13/13 MP: 4/4
   242 | D:1      | Reached XP level 2. HP: 19/19 MP: 1/6
   471 | D:2      | Learned a level 2 spell: Searing Ray
   777 | D:2      | Reached XP level 3. HP: 22/24 MP: 2/9
   918 | D:2      | Reached skill level 5 in Spellcasting
  1128 | D:4      | Reached XP level 4. HP: 30/30 MP: 3/11
  1298 | D:4      | Found a burning altar of Makhleb.
  1349 | D:4      | Reached skill level 1 in Armour
  1349 | D:4      | Reached XP level 5. HP: 35/35 MP: 3/13
  1566 | D:4      | Reached XP level 6. HP: 41/41 MP: 5/15
  2084 | D:5      | Entered Level 5 of the Dungeon
  2230 | D:5      | Reached skill level 4 in Conjurations
  2545 | D:5      | Reached XP level 7. HP: 46/46 MP: 11/16
  2741 | D:5      | Found a snail-covered altar of Cheibriados.
  3028 | D:5      | Reached skill level 5 in Armour
  3353 | D:5      | Learned a level 4 spell: Iskenderun's Mystic Blast
  3402 | D:6      | Reached XP level 8. HP: 44/52 MP: 8/17
  3445 | D:6      | Found Narokloa's Assorted Antiques.
  3445 | D:6      | You fall through a shaft for 2 floors!
  3475 | D:8      | Noticed a troll
  3494 | D:8      | Killed a troll
  3841 | D:7      | Found Arabovov's Antique Weapon Boutique.
  3869 | D:7      | Found a staircase to the Ecumenical Temple.
  4293 | D:7      | Found a sparkling altar of Nemelex Xobeh.
  4790 | D:7      | Noticed a hippogriff
  4808 | D:7      | Killed a hippogriff
  4808 | D:7      | Reached skill level 5 in Conjurations
  5618 | D:6      | Reached XP level 9. HP: 25/57 MP: 9/20
  5791 | D:6      | Found Tinukyasurgh's Book Emporium.
  6044 | D:6      | Found Bitear's Jewellery Shop.
  6130 | D:7      | Reached skill level 6 in Conjurations
  6195 | Temple   | Entered the Ecumenical Temple
  7050 | D:8      | Found a shadowy altar of Dithmenos.
  7422 | D:8      | Noticed a two-headed ogre
  7437 | D:8      | Killed a two-headed ogre
  7437 | D:8      | Reached skill level 7 in Conjurations
  7538 | D:8      | Noticed Prince Ribbit
  7548 | D:8      | Killed Prince Ribbit
  7883 | D:8      | Reached skill level 8 in Conjurations
  7997 | D:8      | Learned a level 2 spell: Blink
  8001 | D:8      | Learned a level 3 spell: Mephitic Cloud
  8011 | D:8      | Found a radiant altar of Vehumet.
  8022 | D:8      | Became a worshipper of Vehumet
  8225 | D:9      | Found a sparkling altar of Nemelex Xobeh.
  8263 | D:9      | Reached skill level 1 in Translocations
  8263 | D:9      | Reached XP level 10. HP: 44/63 MP: 8/23
  9512 | D:9      | Reached * piety under Vehumet
  9512 | D:9      | Offered knowledge of Sting by Vehumet.
  9797 | D:10     | Entered Level 10 of the Dungeon
  9972 | D:10     | Reached skill level 9 in Conjurations
 10118 | D:10     | Reached skill level 1 in Fighting
 10598 | D:10     | Found Moumasef's Book Shoppe.
 10755 | D:10     | Found a staircase to the Lair.
 10883 | D:10     | Reached skill level 5 in Fighting
 11343 | Lair:1   | Entered Level 1 of the Lair of Beasts
 11345 | Lair:1   | Noticed a spiny frog
 11351 | Lair:1   | Killed a spiny frog
 11356 | Lair:1   | Offered knowledge of Shock by Vehumet.
 11616 | D:10     | Reached XP level 11. HP: 41/84 MP: 20/24
 12068 | D:10     | Reached ** piety under Vehumet
 12331 | Lair:1   | Noticed Gastronok
 12431 | Lair:1   | Killed Gastronok
 12922 | Lair:1   | Noticed a six-headed hydra
 12967 | Lair:1   | Killed a six-headed hydra
 13318 | Lair:1   | Noticed an oklob plant
 13321 | Lair:1   | Noticed an oklob plant
 13321 | Lair:1   | Noticed an oklob plant
 13350 | Lair:1   | Noticed a five-headed hydra
 13382 | Lair:1   | Reached skill level 10 in Conjurations
 13406 | Lair:1   | Killed a five-headed hydra
 13970 | Lair:2   | Offered knowledge of Ignite Poison by Vehumet.
 14013 | Lair:2   | Learned a level 3 spell: Ignite Poison
 14040 | Lair:2   | Reached XP level 12. HP: 92/92 MP: 20/25
 14139 | Lair:2   | Reached skill level 1 in Transmutations
 14139 | Lair:2   | Reached skill level 1 in Fire Magic
 14659 | Lair:2   | Reached *** piety under Vehumet
 14784 | Lair:2   | Noticed a four-headed hydra
 14793 | Lair:2   | Killed a four-headed hydra
 15076 | Lair:2   | Reached skill level 11 in Conjurations
 15079 | Lair:2   | Offered knowledge of Stone Arrow by Vehumet.
 15207 | Lair:2   | Learned a level 3 spell: Stone Arrow
 15483 | Lair:3   | Reached skill level 1 in Earth Magic
 15699 | Lair:3   | Found a hole to the Spider Nest.
 16349 | Lair:3   | Found a shadowy altar of Dithmenos.
 16360 | Lair:3   | Noticed an eight-headed hydra
 16626 | Lair:3   | Killed an eight-headed hydra
 17475 | Lair:4   | Reached **** piety under Vehumet
 17661 | Lair:4   | Reached skill level 12 in Conjurations
 17858 | Lair:4   | Offered knowledge of Inner Flame by Vehumet.
 17997 | Lair:4   | Gained mutation: You are in touch with the powers of death. [Mummy growth]
 17997 | Lair:4   | Reached XP level 13. HP: 77/98 MP: 16/26
 18389 | Lair:4   | Reached skill level 5 in Earth Magic
 19469 | Lair:4   | Noticed a dire elephant
 19501 | Lair:4   | Found a staircase to the Shoals.
 20705 | D:11     | Found a blossoming altar of Fedhas.
 20759 | D:11     | Reached skill level 10 in Spellcasting
 21161 | D:11     | Found a staircase to the Orcish Mines.
 21718 | D:10     | Bought a book of Clouds for 675 gold pieces
 21725 | D:10     | Learned a level 6 spell: Freezing Cloud
 22220 | D:12     | Reached skill level 1 in Ice Magic
 22514 | D:12     | Noticed Kirke
 22913 | D:12     | Killed Kirke
 23705 | D:11     | Reached ***** piety under Vehumet
 24014 | D:11     | Reached skill level 5 in Dodging
 25282 | D:13     | Reached XP level 14. HP: 105/105 MP: 27/28
 25520 | D:12     | Offered knowledge of Orb of Destruction by Vehumet.
 25676 | D:12     | Learned a level 7 spell: Orb of Destruction
 25701 | D:13     | Found a gate to the Vaults.
 26120 | D:13     | Noticed Erolcha
 26123 | D:13     | Killed Erolcha
 26769 | D:14     | Reached skill level 5 in Ice Magic
 27638 | D:14     | Noticed Josephine
 27646 | D:14     | Killed Josephine
 28243 | D:14     | Reached skill level 1 in Shields
 29833 | Lair:4   | Reached skill level 5 in Air Magic
 29994 | Lair:5   | Reached skill level 13 in Conjurations
 30092 | Lair:5   | Found a runed door.
 30743 | Lair:5   | Offered knowledge of Bolt of Fire by Vehumet.
 31183 | Lair:6   | Entered Level 6 of the Lair of Beasts
 31187 | Lair:6   | Reached XP level 15. HP: 101/110 MP: 28/29
 32266 | Lair:6   | Found a staircase to the Slime Pits.
 33334 | Lair:6   | Got a twisted scale mail
 33536 | Lair:6   | Identified the +5 scale mail "Etownut" {*Drain rF+ rC+ Str+4} (You found it on level 6 of the Lair of Beasts)
 33656 | Orc:1    | Entered Level 1 of the Orcish Mines
 34338 | Orc:1    | Found Depric's Magic Scroll Boutique.
 34393 | Orc:1    | Found Sumiar's Antique Armour Emporium.
 34402 | Orc:1    | Offered knowledge of Lightning Bolt by Vehumet.
 34721 | Orc:2    | Entered Level 2 of the Orcish Mines
 34731 | Orc:2    | Found Umisi's Assorted Antiques.
 34739 | Orc:2    | Bought a bound turquoise ring for 125 gold pieces
 34739 | Orc:2    | Identified the ring of Intercession {rPois EV+3 Int+3} (You bought it in a shop on level 2 of the Orcish Mines)
 34770 | Orc:2    | Found a staircase to the Elven Halls.
 34942 | Orc:2    | Found a dark tunnel.
 34950 | Volcano  | Entered a volcano
 35435 | Volcano  | Found a radiant altar of Vehumet.
 35713 | Orc:2    | Killed from afar by an ogre mage

Skill      XL: |  1  2  3  4  5  6  7  8  9 10 11 12 13 14 15 |
---------------+----------------------------------------------+-----
Spellcasting   | 3 4 5 6 7 9 10 11 | 11.1
Armour         | 1 2 3 5 7 |  7.0
Conjurations   | 4 5 8 9 10 12 13 | 13.9
Translocations | 1 3 |  3.3
Fighting       | 7 8 9 |  9.9
Air Magic      | 3 4 5 6 |  6.6
Poison Magic   | 2 |  2.9
Transmutations | 3 |  3.0
Fire Magic     | 3 |  3.0
Earth Magic    | 4 5 |  5.6
Dodging        | 5 |  5.6
Ice Magic      | 2 7 |  7.9
Shields        | 4 |  4.0
Stealth        | |  1.5

Action                   |  1- 3 |  4- 6 |  7- 9 | 10-12 | 13-15 || total
-------------------------+-------+-------+-------+-------+-------++-------
Melee: Unarmed           |    26 |       |       |       |       ||    26
       Staff             |       |       |     9 |    14 |     9 ||    32
 Cast: Magic Dart        |    37 |    41 |   108 |   247 |     1 ||   434
       Searing Ray       |     7 |    19 |    60 |    70 |       ||   156
       Iskenderun's Myst |       |       |    23 |   191 |   145 ||   359
       Mephitic Cloud    |       |       |       |    35 |    11 ||    46
       Blink             |       |       |       |    22 |    34 ||    56
       Stone Arrow       |       |       |       |    60 |   645 ||   705
       Ignite Poison     |       |       |       |     9 |     4 ||    13
       Freezing Cloud    |       |       |       |       |    77 ||    77
       Orb of Destructio |       |       |       |       |    35 ||    35
Evoke: Wand              |       |       |     6 |    10 |    12 ||    28
  Use: Scroll            |       |     5 |     1 |     8 |    15 ||    29
 Stab: Paralysed         |       |       |       |     7 |       ||     7
Armor: Robe              |     5 |       |       |       |    16 ||    21
       Ring mail         |       |    15 |     8 |       |       ||    23
       Leather armour    |       |       |    13 |    70 |    33 ||   116
Dodge: Dodged            |    25 |    20 |    64 |   175 |   239 ||   523
Block: Buckler           |       |       |       |       |    32 ||    32
